AoeStats
← Alerius

Fortress

510428675Analyzed
1v1 RM · 2d ago on Oct 1, 2026· 65m 43s· 2 players
Game mode
Random Map
Map size
Small (3 player)
Population
200
Speed
Normal
Resources
Standard
Victory
Conquest
Starting age
Dark Age
Ending age
Imperial Age
RankedLock teamsTeams togetherTeam positionsShared explorationLock speedFull tech treeHidden civsTurbo modeCheats
Victory
Defeat
🇺🇸 Bohemians · United States
1192
+14
🇺🇸 Italians · United States
1153
-38
Alerius
10:50 Feudal Age
14:33 Castle Age
12:35 Double-Bit Axe
14:40 Horse Collar
15:16 Bloodlines
15:28 Forging
15:40 Bow Saw
15:47 Bloodlines
15:03 Light Cavalry
18:08 Iron Casting
24:46 Imperial Age
23:03 Gold Mining
23:08 Stone Mining
23:33 Scale Barding Armor
23:52 Husbandry
25:08 Stone Shaft Mining
26:27 Fletching
27:50 Chemistry
30:02 Hussar
35:18 Ballistics
35:14 Loom
37:28 Conscription
45:32 Elite Genoese Crossbowman
55:10 Two-Man Saw
54:35 Pirotechnia
doris_deadleg
8:43 Feudal Age
9:12 Feudal Age
12:48 Castle Age
10:58 Loom
11:15 Double-Bit Axe
17:58 Imperial Age
17:25 Pikeman
19:38 Bow Saw
21:22 Chemistry
25:01 Halberdier
30:17 Fervor
32:14 Scale Mail Armor
33:36 Forging
35:25 Fletching
36:09 Bodkin Arrow
37:52 Siege Engineers
39:23 Squires
43:28 Conscription
44:42 Houfnice
45:49 Chain Mail Armor
54:14 Two-Man Saw
54:33 Wagenburg Tactics
55:56 Horse Collar
57:33 Elite Hussite Wagon
63:45 Light Cavalry
64:26 Husbandry
Connection lost

Rejoining the realm…

Still unreachable

The connection could not be restored.

Session expired

The server has moved on; the page needs a fresh start.